 Dungeon Crawl Stone Soup version 0.30.1-3-gfc49f6343a (webtiles) character file.

Game seed: 17480217261763931008

49 Pepete the Magician (level 4, -4/31 HPs)
             Began as a Djinni Fire Elementalist on July 25, 2023.
             Slain by Sigmund
             ... wielding a +0 scythe of venom
              (12 damage)
             ... on level 2 of the Dungeon.
             The game lasted 00:01:13 (2850 turns).

Pepete the Magician (Djinni Fire Elementalist)      Turns: 2850, Time: 00:01:14

Health: -4/31      AC:  2    Str:  7    XL:     4   Next: 2%
Gold:   91         EV: 12    Int: 19    God:
                   SH:  0    Dex: 13

rFire   + + .        (no weapon)
rCold   x . .        (no shield)
rNeg    . . .        e - +0 robe
rPois   ∞            (no helmet)
rElec   .            (no cloak)
rCorr   .            (no gloves)
SInv    .            (boots unavailable)
Will    .....        (no amulet)
Stlth   ++           (no ring)
HPRegen 0.25/turn    (no ring)
MPRegen 0.00/turn

%: infuse magic (-5 HP)
@: flying, very slightly contaminated
A: sickness immunity, fire resistance 2, cold vulnerability 1, float, innate
caster, HP casting, extra vitality 1
a: no special abilities


You were on level 2 of the Dungeon.
You visited 1 branch of the dungeon, and saw 2 of its levels.

You collected 91 gold pieces.

Inventory:

Armour
 e - a +0 robe (worn)
Jewellery
 i - a ring of protection from cold
Scrolls
 c - 2 scrolls of teleportation {unknown}
 f - a scroll of identify {unknown}
 g - a scroll of enchant armour {unknown}
Potions
 a - a potion of flight {unknown}
 b - a potion of might {unknown}
 d - a potion of brilliance {unknown}
 h - a potion of resistance {unknown}
 j - a potion of lignification {unknown}
 k - a potion of haste


   Skills:
 + Level 2.2 Armour
 - Level 2.1 Dodging
 - Level 1.5 Stealth
 + Level 3.0 Spellcasting


You knew the following spells:

 Your Spells              Type           Power      Damage    Failure   Level
a - Foxfire               Conj/Fire      56%        2x1d6     4%          1
b - Scorch                Fire           28%        2d6       6%          2
c - Volatile Blastmotes   Fire/Tloc      28%        2d12      13%         3
d - Inner Flame           Hex/Fire       14%        N/A       13%         3
e - Flame Wave            Conj/Fire      14%        2d6       38%         4
f - Shock                 Conj/Air       56%        1d6       4%          1
Your spell library was empty.

Dungeon Overview and Level Annotations

Branches:
Dungeon (2/15)

Altars:

Annotations:
D:1 1 transporter
D:2 Sigmund


Innate Abilities, Weirdness & Mutations

You are immune to sickness and miasma.
You are immune to poison.
Your flesh is very heat resistant. (rF++)
You are vulnerable to cold. (rC-)
You float through the air rather than walking.
You learn spells naturally, not from books.
Your magical power is your life essence.
You have superior vitality. (+4 MHP)


Message History

Sigmund is moderately wounded.
Sigmund casts a spell at you. You resist with some effort.
Casting: Foxfire (safe; 4% risk of failure)
Confirm with . or Enter, or press ? or * to list all spells.
You can't see any susceptible monsters within range! (Use Z to cast anyway.) Unknown command.
Sigmund is nearby!
Sigmund is nearby!
You conjure some foxfire!
The foxfire hits Sigmund.
Sigmund is moderately wounded.
Your foxfire dissipates!
Sigmund barely misses you. Sigmund closely misses you.
Your foxfire dissipates!
You conjure some foxfire!
Sigmund barely misses you.
The foxfire hits Sigmund but does no damage.
Sigmund is moderately wounded.
Sigmund hits you from afar with a +0 scythe of venom!
You conjure some foxfire!
Sigmund hits you from afar with a +0 scythe of venom!
Casting: Foxfire (safe; 4% risk of failure)
Confirm with . or Enter, or press ? or * to list all spells.
You miscast Scorch.
You are very lightly contaminated with residual magic.
Nothing appears to happen.
Your foxfire dissipates!
The foxfire hits Sigmund but does no damage.
Sigmund is moderately wounded.
Sigmund is suddenly surrounded by pale red light.
Sigmund closely misses you.
Casting: Scorch (safe; 6% risk of failure)
Confirm with . or Enter, or press ? or * to list all spells.
Flames lash Sigmund.
Sigmund is moderately wounded.
Sigmund's fire resistance burns away.
* * * LOW HITPOINT WARNING * * *
Sigmund hits you from afar with a +0 scythe of venom!
You die...

#.#
#..##.#.##...##
#.
#.....#.###.##.
#. ##..###.#
#.##. #. ##.#
#.# #.# # #.
#.# #.# ..# #
#. #.# #.# ###
# #@ ##.###.#.#
#######.#
#.####...##.#.#
#.......#
#.@v§§§.......#
#.########
######§§.##.#.
###. #.......†#
##....## .....
#..#####.#
#####.#.># #
......##.######
##.....(#
##.##.........#
#.....###
#..........#.#
#..####
#....##.##.#.#
#..#
#>......##.#.#
#..#


You could see Sigmund (fast, combustible).

Vanquished Creatures
  An adder (D:2)
  2 dart slugs (D:2)
  4 ball pythons
  2 endoplasms (D:1)
  3 giant cockroaches
  A goblin (D:2)
  3 hobgoblins
  4 jackals (D:2)
  2 quokkas
  4 bats
  2 frilled lizards (D:1)
  4 kobolds
32 creatures vanquished.

Vanquished Creatures (others)
  211 foxfires
211 creatures vanquished.

Grand Total: 243 creatures vanquished

Notes
Turn   | Place    | Note
-------+----------+-------------------------------------------
     0 | D:1      | Pepete the Djinni Fire Elementalist began the quest for the
                  | Orb.
     0 | D:1      | Pepete set off with the following spells memorised:
                  | Foxfire, Scorch, Volatile Blastmotes, Inner Flame, Flame
                  | Wave.
     0 | D:1      | Reached XP level 1. HP: 15/15 MP: 0/0
   396 | D:1      | Reached skill level 1 in Armour
   396 | D:1      | Reached XP level 2. HP: 18/21 MP: 0/0
  2149 | D:2      | Reached XP level 3. HP: 22/25 MP: 0/0
  2149 | D:2      | Learned a level 1 spell: Shock
  2468 | D:2      | Reached skill level 3 in Spellcasting
  2645 | D:2      | Found a faded altar of an unknown god.
  2669 | D:2      | Reached XP level 4. HP: 28/31 MP: 0/0
  2836 | D:2      | Noticed Sigmund
  2850 | D:2      | Slain by Sigmund

Illustrated notes

Levels and vault maps discovered:
D:1:      spicycebolla_arrival_risky_transporter, layout_loops_ring
D:2:      layout_loops_ring, ebering_ecumenical_altar_webs, uniq_sigmund,
          uniq_crazy_yiuf_cottage

Skill      XL: |  1  2  3 |
---------------+----------+-----
Armour         | 1 2 |  2.2
Spellcasting   | 3 |  3.0
Dodging        | |  2.1
Stealth        | |  1.5

Action                     |  1- 3 |  4- 6 || total
---------------------------+-------+-------++-------
   Cast: Foxfire           |   125 |    10 ||   135
         Scorch            |     2 |     1 ||     3
  Dodge: Dodged            |    10 |     4 ||    14
